Senators vs Punishers

Created - March 11, 2018 at 19:22

Goals
1 2 3 OT1 T
Senators 2 1 2 1 6
Punishers 1 3 1 0 5
Shots
1 2 3 OT1 T
Senators 10 7 9 1 27
Punishers 9 11 13 3 36

1st period

1. Senators , Stephane Da Costa 44 (Chris Thorburn 46) at 11:16
2. Punishers , David Laliberté 29 (Luke Adam 22, Stefan Elliott 29) at 16:48
3. Senators , Ryan Dzingel 6 (Gabriel Landeskog 35, Patrick Bordeleau 15) at 17:46

Penalties :
Shane Prince (BIN) for Hooking (Minor) at 3:42

2nd period

4. Senators , Gabriel Landeskog 24 (Ian Cole 37, Brad Thiessen) at 0:51 (PP)
5. Punishers , Tanner Glass 29 (Mattias Tedenby 36, Luke Adam 23) at 14:30 (PP)
6. Punishers , Garret Ross 10 (Luke Adam 24, David Laliberté 30) at 15:11
7. Punishers , Casey Cizikas 15 (Mattias Tedenby 37) at 17:27

Penalties :
Damon Severson (Pro) for Hooking (Minor) at 0:39, Erik Nystrom (Pro) for Hooking (Minor) at 1:26, Ian Cole (BIN) for High sticking (Minor) at 10:35, Logan Stephenson (BIN) for High sticking (Minor) at 14:26, Stefan Elliott (Pro) for Kneeing (Minor) at 17:08, Tommy Wingels (BIN) for Hooking (Minor) at 17:13

3rd period

8. Senators , Tommy Wingels 14 (Gabriel Bourque 43, Ian Cole 38) at 8:15
9. Senators , Patrick Bordeleau 18 (Marc-André Bernier 28) at 12:01
10. Punishers , Oscar Sundqvist 5 (Miikka Salomaki 9, Nick Schultz 32) at 17:52

Penalties :
Shane Sims (BIN) for Hooking (Minor) at 4:57, Jordan Schmaltz (Pro) for Interference (Minor) at 9:03

Overtime #1

11. Senators , Gabriel Landeskog 25 (Stephane Da Costa 52, Logan Stephenson 27) at 4:00

Penalties :
No Penalty

Goalie Stats

Brad Thiessen (BIN), 31 saves from 36 shots - (0.861), W, 30-14-3, 64:00 minutes
Niklas Svedberg (Pro), 21 saves from 27 shots - (0.778), OTL, 23-22-8, 64:00 minutes

Players Stats for Senators

Player Name              G  A  P  +/- PIM S  H  SB GA TA FO     MP     PP MP  PK MP  
------------------------------------------------------------------------------------
Chris Thorburn           0  1  1  -1  0   2  3  0  0  1  0/1    20:33   2:06   1:56 
Dylan Blujus             0  0  0   2  0   0  2  0  0  0  0/0    11:48   0:00   0:02 
Freddie Hamilton         0  0  0   1  0   0  1  0  0  0  0/2     5:15   0:00   0:00 
Gabriel Bourque          0  1  1   0  0   3  1  0  0  0  1/1    19:59   1:58   1:56 
Gabriel Landeskog        2  1  3   0  0   3  3  0  0  1  0/8    27:49   2:17   2:49 
Ian Cole                 0  2  2  -1  2   2  1  2  3  1  0/0    30:18   2:45   2:10 
Jarrod Maidens           0  0  0   0  0   0  0  0  0  0  0/0     1:15   0:00   0:03 
Jeff Petry               0  0  0   0  0   1  1  2  0  0  0/0    21:22   1:30   2:40 
Keegan Lowe              0  0  0   2  0   0  2  0  0  0  0/0    13:12   0:00   2:09 
Logan Stephenson         0  1  1  -1  2   0  2  3  1  0  0/0    30:55   2:45   3:22 
Marc-André Bernier       0  1  1   1  0   1  1  0  2  1  0/0    13:38   0:00   1:05 
Matt Frattin             0  0  0   0  0   3  3  0  0  0  0/0    16:56   1:58   0:00 
Patrick Bordeleau        1  1  2   1  0   2  0  0  0  0  1/1    11:30   0:00   0:00 
Phil Di Giuseppe         0  0  0   0  0   0  0  0  0  0  0/2     2:53   0:11   0:00 
Ryan Dzingel             1  0  1   1  0   1  0  0  0  0  0/0     6:51   0:00   0:51 
Shane Prince             0  0  0   1  2   1  2  0  0  0  2/6    12:04   0:00   0:19 
Shane Sims               0  0  0   0  2   0  2  1  0  3  0/0    20:30   1:30   1:49 
Stephane Da Costa        1  1  2  -1  0   5  1  0  0  0  14/30  24:15   2:17   3:13 
Tommy Wingels            1  0  1   0  2   3  2  1  0  0  6/12   16:52   1:57   0:00 

Players Stats for Punishers

Player Name              G  A  P  +/- PIM S  H  SB GA TA FO     MP     PP MP  PK MP  
------------------------------------------------------------------------------------
Carter Ashton            0  0  0   0  0   0  0  0  0  0  0/0     6:48   0:00   0:00 
Casey Cizikas            1  0  1  -2  0   1  1  0  0  0  18/28  21:57   2:56   0:51 
Damon Severson           0  0  0   3  2   0  2  2  1  1  0/0    24:33   3:06   0:35 
David Laliberté          1  1  2   1  0   5  3  2  0  0  0/1    18:49   2:56   1:03 
Dylan DeMelo             0  0  0  -2  0   0  0  0  0  0  0/0    13:19   0:00   0:27 
Erik Nystrom             0  0  0   0  2   1  3  0  0  0  2/2    12:04   0:00   0:00 
Garret Ross              1  0  1   1  0   4  2  0  0  0  1/1    18:21   3:00   0:59 
Jordan Schmaltz          0  0  0   3  2   0  1  1  0  1  0/0    21:18   3:03   0:35 
Luke Adam                0  3  3   1  0   4  0  1  2  0  14/22  21:03   3:06   2:21 
Mattias Tedenby          0  2  2  -2  0   4  2  0  0  0  1/2    21:33   3:06   0:00 
Miikka Salomaki          0  1  1   0  0   2  0  0  1  0  0/0    12:10   0:00   0:00 
Nick Schultz             0  1  1  -2  0   3  1  2  2  1  0/0    25:37   3:00   2:43 
Oscar Sundqvist          1  0  1  -1  0   4  2  1  0  1  1/3    17:16   0:40   2:13 
Quinton Howden           0  0  0   0  0   2  0  1  0  0  1/3     6:48   0:00   0:00 
Radek Faksa              0  0  0   0  0   0  0  0  0  0  0/0     0:37   0:04   0:00 
Stefan Elliott           0  1  1  -2  2   3  0  2  0  2  0/0    27:45   3:07   2:38 
Tanner Glass             1  0  1  -1  0   3  2  2  1  0  1/1    24:16   2:26   1:03 
Trevor Van Riemsdyk      0  0  0  -2  0   0  1  1  0  0  0/0    15:33   0:00   1:32 

3 Stars

1 - Gabriel Landeskog (BIN)
2 - David Laliberté (Pro)
3 - Patrick Bordeleau (BIN)

Power Play

Senators - 1 on 4 Attempt(s) - 25.00%
Punishers - 1 on 5 Attempt(s) - 20.00%

Penalty Kill

Senators - 4 on 5 Attempt(s) - 80.00% - Score 0 goal in Penalty Kill
Punishers - 3 on 4 Attempt(s) - 75.00% - Score 0 goal in Penalty Kill

Team Stat

Senators - Hits : 27 - Faceoff Wins : 24 - Blocked Shots : 9 - Penalty Minutes : 10
Punishers - Hits : 20 - Faceoff Wins : 39 - Blocked Shots : 15 - Penalty Minutes : 8

Official

Referees : Meier Brad and StLaurent Francois
Linesman : David Brisebois and Ryan Galloway

Game Notes

No Game Note

Finance

Level 1 -- Attendance: 1513 (75.65%) -- Ticket Income $60,520
Level 2 -- Attendance: 701 (70.10%) -- Ticket Income $14,020
Total Attendance: 2214 (73.80%)
Total Ticket Income: $74,540
Other Income: $3,727
Total Income: $78,267

Senators

5 vs 5 Forward 
   Center                   Left Wing                Right Wing               Time % Phy DF OF 
 1 Stephane Da Costa        Gabriel Landeskog        Chris Thorburn           40     1   2  2  
 2 Tommy Wingels            Gabriel Bourque          Matt Frattin             30     1   2  2  
 3 Shane Prince             Patrick Bordeleau        Marc-André Bernier       20     1   2  2  
 4 Freddie Hamilton         Ryan Dzingel             Gabriel Landeskog        10     1   2  2  

5 vs 5 Defense 
   Defense                  Defense                                           Time % Phy DF OF 
 1 Ian Cole                 Logan Stephenson                                  40     1   2  2  
 2 Shane Sims               Jeff Petry                                        30     1   2  2  
 3 Dylan Blujus             Keegan Lowe                                       20     1   2  2  
 4 Ian Cole                 Logan Stephenson                                  10     1   2  2  

PowerPlay Forward 
   Center                   Left Wing                Right Wing               Time % Phy DF OF 
 1 Stephane Da Costa        Gabriel Landeskog        Chris Thorburn           60     1   2  2  
 2 Tommy Wingels            Gabriel Bourque          Matt Frattin             40     1   2  2  

PowerPlay Defense
   Defense                  Defense                                           Time % Phy DF OF 
 1 Ian Cole                 Logan Stephenson                                  60     1   2  2  
 2 Shane Sims               Jeff Petry                                        40     1   2  2  

Penalty Kill 4 Players Forward 
   Center                   Wing                     Time % Phy DF OF 
 1 Gabriel Landeskog        Stephane Da Costa        60     1   2  2  
 2 Chris Thorburn           Gabriel Bourque          40     1   2  2  

Penalty Kill 4 Players Defense
   Defense                  Defense                  Time % Phy DF OF 
 1 Ian Cole                 Logan Stephenson         60     1   2  2  
 2 Shane Sims               Jeff Petry               40     1   2  2  

Penalty Kill - 3 Players Forward 
   Forward                                           Time % Phy DF OF 
 1 Gabriel Landeskog                                 60     1   2  2  
 2 Stephane Da Costa                                 40     1   2  2  

Penalty Kill - 3 Players Defense
   Defense                  Defense                  Time % Phy DF OF 
 1 Ian Cole                 Logan Stephenson         60     1   2  2  
 2 Shane Sims               Jeff Petry               40     1   2  2  

4 vs 4 Forward 
   Center                   Wing                     Time % Phy DF OF 
 1 Gabriel Landeskog        Stephane Da Costa        60     1   2  2  
 2 Chris Thorburn           Gabriel Bourque          40     1   2  2  

4 vs 4 Defense
   Defense                  Defense                  Time % Phy DF OF 
 1 Ian Cole                 Logan Stephenson         60     1   2  2  
 2 Shane Sims               Jeff Petry               40     1   2  2  

Last Minutes Offensive
   Center                   Left Wing                Right Wing               Defense                  Defense                  
   Stephane Da Costa        Gabriel Landeskog        Chris Thorburn           Ian Cole                 Logan Stephenson         

Last Minutes Defensive
   Center                   Left Wing                Right Wing               Defense                  Defense                  
   Stephane Da Costa        Gabriel Landeskog        Chris Thorburn           Ian Cole                 Logan Stephenson         

Goaltenders
Starting : Brad Thiessen            
Backup : Ben Bishop               

Extra Forwards
Normal : Phil Di Giuseppe, Jarrod Maidens, Marc-André Bernier - PP : Phil Di Giuseppe, Jarrod Maidens - PK : Marc-André Bernier
Extra Defensemen
Normal : Dylan Blujus, Keegan Lowe, Shane Sims - PP : Dylan Blujus - PK : Keegan Lowe, Shane Sims
Penalty Shots
Gabriel Landeskog, Stephane Da Costa, Chris Thorburn, Gabriel Bourque, Tommy Wingels

Scratches
Zemgus Girgensons (Strained Back Injury), Chandler Stephenson (Severed Right Wrist Tendon Injury), Tomas Jurco (Left Leg Injury), Matt Tomkins (Healthy)

Punishers

5 vs 5 Forward 
   Center                   Left Wing                Right Wing               Time % Phy DF OF 
 1 Casey Cizikas            Tanner Glass             Mattias Tedenby          40     0   2  3  
 2 Luke Adam                Garret Ross              David Laliberté          30     0   2  3  
 3 Oscar Sundqvist          Erik Nystrom             Miikka Salomaki          20     1   2  2  
 4 Quinton Howden           Tanner Glass             Carter Ashton            10     1   2  2  

5 vs 5 Defense 
   Defense                  Defense                                           Time % Phy DF OF 
 1 Stefan Elliott           Nick Schultz                                      40     1   2  2  
 2 Damon Severson           Jordan Schmaltz                                   30     1   2  2  
 3 Trevor Van Riemsdyk      Dylan DeMelo                                      20     1   2  2  
 4 Stefan Elliott           Damon Severson                                    10     1   2  2  

PowerPlay Forward 
   Center                   Left Wing                Right Wing               Time % Phy DF OF 
 1 Luke Adam                Tanner Glass             Mattias Tedenby          60     0   1  4  
 2 Casey Cizikas            Garret Ross              David Laliberté          40     0   1  4  

PowerPlay Defense
   Defense                  Defense                                           Time % Phy DF OF 
 1 Stefan Elliott           Damon Severson                                    60     0   2  3  
 2 Nick Schultz             Jordan Schmaltz                                   40     0   2  3  

Penalty Kill 4 Players Forward 
   Center                   Wing                     Time % Phy DF OF 
 1 Luke Adam                Oscar Sundqvist          60     0   4  1  
 2 Tanner Glass             David Laliberté          40     0   4  1  

Penalty Kill 4 Players Defense
   Defense                  Defense                  Time % Phy DF OF 
 1 Stefan Elliott           Nick Schultz             60     0   4  1  
 2 Trevor Van Riemsdyk      Jordan Schmaltz          40     0   4  1  

Penalty Kill - 3 Players Forward 
   Forward                                           Time % Phy DF OF 
 1 Luke Adam                                         60     0   5  0  
 2 Oscar Sundqvist                                   40     0   5  0  

Penalty Kill - 3 Players Defense
   Defense                  Defense                  Time % Phy DF OF 
 1 Stefan Elliott           Nick Schultz             60     0   5  0  
 2 Trevor Van Riemsdyk      Jordan Schmaltz          40     0   5  0  

4 vs 4 Forward 
   Center                   Wing                     Time % Phy DF OF 
 1 Casey Cizikas            Mattias Tedenby          60     1   2  2  
 2 Tanner Glass             David Laliberté          40     1   2  2  

4 vs 4 Defense
   Defense                  Defense                  Time % Phy DF OF 
 1 Stefan Elliott           Damon Severson           60     1   2  2  
 2 Nick Schultz             Jordan Schmaltz          40     1   2  2  

Last Minutes Offensive
   Center                   Left Wing                Right Wing               Defense                  Defense                  
   Luke Adam                Tanner Glass             Mattias Tedenby          Stefan Elliott           Damon Severson           

Last Minutes Defensive
   Center                   Left Wing                Right Wing               Defense                  Defense                  
   Luke Adam                Tanner Glass             David Laliberté          Stefan Elliott           Damon Severson           

Goaltenders
Starting : Niklas Svedberg          
Backup : Louis Domingue           

Extra Forwards
Normal : Oscar Sundqvist, Mattias Tedenby, Luke Adam - PP : Oscar Sundqvist, Radek Faksa - PK : Luke Adam
Extra Defensemen
Normal : Jordan Schmaltz, Stefan Elliott, Nick Schultz - PP : Trevor Van Riemsdyk - PK : Dylan DeMelo, Nick Schultz
Penalty Shots
Mattias Tedenby, Luke Adam, Tanner Glass, David Laliberté, Casey Cizikas

Scratches
Dan Bertram (Healthy), David Rundblad (Healthy), Colton Gillies (Bruised Left Shoulder Injury), Zack Hamill (Healthy), Patrick Wiercioch (Torn Left Knee Ligaments Injury)

% Time on Ice - Senators

Lines # - Real PCT - Wanted PCT - Time Play
Normal Forward
1 - 34% - 40% - 16:05
2 - 31% - 30% - 14:55
3 - 24% - 20% - 11:30
4 - 11% - 10% - 5:15
Normal Defense
1 - 40% - 40% - 19:09
2 - 32% - 30% - 15:24
3 - 22% - 20% - 10:32
4 - 6% - 10% - 2:40
PP Forward
1 - 54% - 60% - 2:17
2 - 46% - 40% - 1:58
PP Defense
1 - 65% - 60% - 2:45
2 - 35% - 40% - 1:30
PK Forward
1 - 68% - 60% - 4:10
2 - 32% - 40% - 1:56
PK Defense
1 - 56% - 60% - 3:26
2 - 44% - 40% - 2:40
PK3 Forward
1 - 0% - 60%
2 - 0% - 40%
PK3 Defense
1 - 0% - 60%
2 - 0% - 40%
44 Forward
1 - 80% - 60% - 4:44
2 - 20% - 40% - 1:10
44 Defense
1 - 69% - 60% - 4:06
2 - 31% - 40% - 1:48
Last Minute Offensive  - 0:00
Last Minute Defensive  - 0:00
Total
Forward - 64:00
Defense - 64:00

% Time on Ice - Punishers

Lines # - Real PCT - Wanted PCT - Time Play
Normal Forward
1 - 33% - 40% - 15:32
2 - 28% - 30% - 13:36
3 - 25% - 20% - 11:49
4 - 14% - 10% - 6:48
Normal Defense
1 - 38% - 40% - 18:12
2 - 32% - 30% - 15:07
3 - 27% - 20% - 12:52
4 - 3% - 10% - 1:34
PP Forward
1 - 52% - 60% - 3:10
2 - 48% - 40% - 2:56
PP Defense
1 - 51% - 60% - 3:07
2 - 49% - 40% - 2:59
PK Forward
1 - 75% - 60% - 3:12
2 - 25% - 40% - 1:03
PK Defense
1 - 64% - 60% - 2:43
2 - 36% - 40% - 1:32
PK3 Forward
1 - 0% - 60%
2 - 0% - 40%
PK3 Defense
1 - 0% - 60%
2 - 0% - 40%
44 Forward
1 - 79% - 60% - 4:40
2 - 21% - 40% - 1:14
44 Defense
1 - 81% - 60% - 4:46
2 - 19% - 40% - 1:08
Last Minute Offensive  - 0:00
Last Minute Defensive  - 0:00
Total
Forward - 64:00
Defense - 64:00

Play by Play

1st period


0:01 of 1st period - Mattias Tedenby wins face-off versus Stephane Da Costa in neutral zone.
0:04 of 1st period - Snap shot by Tanner Glass.
0:04 of 1st period - Deflect By Ian Cole.
0:04 of 1st period - Shot Blocked by Ian Cole.
0:04 of 1st period - Puck is out of play.
0:05 of 1st period - Casey Cizikas wins face-off versus Stephane Da Costa in Senators zone.
0:10 of 1st period - Wrist shot by Mattias Tedenby.
0:10 of 1st period - Shot Blocked by Ian Cole.
0:40 of 1st period - Wrist shot by Luke Adam.
0:40 of 1st period - Deflect By David Laliberté.
0:40 of 1st period - Shot Misses the Net.
0:40 of 1st period - Puck is out of play.
0:41 of 1st period - Erik Nystrom wins face-off versus Shane Prince in Senators zone.
0:57 of 1st period - Slapshot by Damon Severson.
0:57 of 1st period - Shot Blocked by Jeff Petry.
2:05 of 1st period - Wrist shot by Marc-André Bernier.
2:05 of 1st period - Deflect By Shane Prince.
2:05 of 1st period - Stopped by Niklas Svedberg with a rebound.
2:34 of 1st period - Carter Ashton is hit by Gabriel Landeskog and loses puck.
2:47 of 1st period - Slapshot by Quinton Howden.
2:47 of 1st period - Stopped by Brad Thiessen with a rebound.
2:49 of 1st period - Slapshot by Quinton Howden.
2:49 of 1st period - Shot Misses the Net.
2:51 of 1st period - Snap shot by Dylan DeMelo.
2:51 of 1st period - Shot Blocked by Logan Stephenson.
3:31 of 1st period - Slapshot by Quinton Howden.
3:31 of 1st period - Stopped by Brad Thiessen without a rebound.
3:32 of 1st period - Luke Adam wins face-off versus Shane Prince in Senators zone.
3:42 of 1st period - Minor Penalty to Shane Prince for Hooking.
3:43 of 1st period - Casey Cizikas wins face-off versus Gabriel Landeskog in Senators zone.
3:55 of 1st period - Wrist shot by Casey Cizikas.
3:55 of 1st period - Shot Misses the Net.
5:42 of 1st period - Penalty to Shane Prince is over, Shane Prince is back on ice.
5:53 of 1st period - Wrist shot by Oscar Sundqvist.
5:53 of 1st period - Shot Misses the Net.
7:33 of 1st period - Icing by Casey Cizikas.
7:34 of 1st period - Casey Cizikas wins face-off versus Freddie Hamilton in Punishers zone.
7:43 of 1st period - Snap shot by Gabriel Landeskog.
7:43 of 1st period - Shot Misses the Net.
8:20 of 1st period - David Laliberté is hit by Logan Stephenson and loses puck.
8:59 of 1st period - Stefan Elliott is hit by Gabriel Bourque and loses puck.
9:25 of 1st period - Shane Sims is hit by Tanner Glass.
9:29 of 1st period - Damon Severson is hit by Freddie Hamilton and loses puck.
10:06 of 1st period - Wrist shot by Luke Adam.
10:06 of 1st period - Stopped by Brad Thiessen without a rebound.
10:07 of 1st period - Shane Prince wins face-off versus Quinton Howden in Senators zone.
10:14 of 1st period - Slapshot by Logan Stephenson.
10:14 of 1st period - Shot Blocked by Quinton Howden.
10:33 of 1st period - Gabriel Landeskog is hit by Oscar Sundqvist.
10:57 of 1st period - Snap shot by Gabriel Bourque.
10:57 of 1st period - Stopped by Niklas Svedberg without a rebound.
10:58 of 1st period - Casey Cizikas wins face-off versus Tommy Wingels in Punishers zone.
11:02 of 1st period - Off-side.
11:03 of 1st period - Stephane Da Costa wins face-off versus Casey Cizikas in neutral zone.
11:12 of 1st period - Slapshot by Stephane Da Costa.
11:12 of 1st period - Deflect By Chris Thorburn.
11:12 of 1st period - Stopped by Niklas Svedberg without a rebound.
11:13 of 1st period - Stephane Da Costa wins face-off versus Casey Cizikas in Punishers zone.
11:16 of 1st period - Snap shot by Chris Thorburn.
11:16 of 1st period - Deflect By Stephane Da Costa.
11:16 of 1st period - Goal by Stephane Da Costa - Senators : 1 - Punishers : 0.
11:17 of 1st period - Casey Cizikas wins face-off versus Stephane Da Costa in neutral zone.
11:43 of 1st period - Gabriel Bourque is hit by David Laliberté and loses puck.
11:52 of 1st period - Wrist shot by Luke Adam.
11:52 of 1st period - Stopped by Brad Thiessen with a rebound.
11:54 of 1st period - Snap shot by Nick Schultz.
11:54 of 1st period - Deflect By David Laliberté.
11:54 of 1st period - Shot Misses the Net.
11:54 of 1st period - Puck is out of play.
11:55 of 1st period - Luke Adam wins face-off versus Stephane Da Costa in Senators zone.
12:26 of 1st period - Slapshot by Matt Frattin.
12:26 of 1st period - Shot Blocked by Tanner Glass.
12:50 of 1st period - Slapshot by Miikka Salomaki.
12:50 of 1st period - Deflect By Logan Stephenson.
12:50 of 1st period - Shot Blocked by Logan Stephenson.
12:50 of 1st period - Puck is out of play.
12:51 of 1st period - Stephane Da Costa wins face-off versus Luke Adam in Senators zone.
12:56 of 1st period - Wrist shot by Stephane Da Costa.
12:56 of 1st period - Stopped by Niklas Svedberg without a rebound.
12:57 of 1st period - Stephane Da Costa wins face-off versus Luke Adam in Punishers zone.
13:39 of 1st period - Slapshot by David Laliberté.
13:39 of 1st period - Stopped by Brad Thiessen with a rebound.
13:41 of 1st period - Wrist shot by Luke Adam.
13:41 of 1st period - Shot Misses the Net.
13:43 of 1st period - Slapshot by Nick Schultz.
13:43 of 1st period - Stopped by Brad Thiessen without a rebound.
13:44 of 1st period - Tommy Wingels wins face-off versus Casey Cizikas in Senators zone.
14:55 of 1st period - Icing by Tanner Glass.
14:56 of 1st period - Patrick Bordeleau wins face-off versus Luke Adam in Punishers zone.
14:59 of 1st period - Snap shot by Patrick Bordeleau.
14:59 of 1st period - Shot Misses the Net.
15:11 of 1st period - Backhand shot by Luke Adam.
15:11 of 1st period - Shot Misses the Net.
15:25 of 1st period - Slapshot by Miikka Salomaki.
15:25 of 1st period - Stopped by Brad Thiessen with a rebound.
15:27 of 1st period - Slapshot by Stefan Elliott.
15:27 of 1st period - Stopped by Brad Thiessen with a rebound.
16:13 of 1st period - Snap shot by David Laliberté.
16:13 of 1st period - Shot Misses the Net.
16:23 of 1st period - Erik Nystrom is hit by Dylan Blujus and loses puck.
16:48 of 1st period - Wrist shot by David Laliberté.
16:48 of 1st period - Goal by David Laliberté - Senators : 1 - Punishers : 1.
16:49 of 1st period - Casey Cizikas wins face-off versus Stephane Da Costa in neutral zone.
16:56 of 1st period - Off-side.
16:57 of 1st period - Casey Cizikas wins face-off versus Stephane Da Costa in neutral zone.
17:10 of 1st period - Slapshot by Stephane Da Costa.
17:10 of 1st period - Stopped by Niklas Svedberg with a rebound.
17:12 of 1st period - Snap shot by Ian Cole.
17:12 of 1st period - Stopped by Niklas Svedberg with a rebound.
17:22 of 1st period - Wrist shot by Gabriel Bourque.
17:22 of 1st period - Stopped by Niklas Svedberg with a rebound.
17:46 of 1st period - Wrist shot by Gabriel Landeskog.
17:46 of 1st period - Deflect By Ryan Dzingel.
17:46 of 1st period - Goal by Ryan Dzingel - Senators : 2 - Punishers : 1.
17:47 of 1st period - Stephane Da Costa wins face-off versus Mattias Tedenby in neutral zone.
18:03 of 1st period - Stefan Elliott is hit by Stephane Da Costa and loses puck.
18:49 of 1st period - Slapshot by Miikka Salomaki.
18:49 of 1st period - Shot Misses the Net.
19:17 of 1st period - Wrist shot by Ryan Dzingel.
19:17 of 1st period - Shot Misses the Net.
19:31 of 1st period - Wrist shot by Gabriel Bourque.
19:31 of 1st period - Shot Blocked by Tanner Glass.
19:33 of 1st period - Wrist shot by Tommy Wingels.
19:33 of 1st period - Deflect By Matt Frattin.
19:33 of 1st period - Stopped by Niklas Svedberg with a rebound.
19:37 of 1st period - Wrist shot by Gabriel Bourque.
19:37 of 1st period - Shot Misses the Net.
19:46 of 1st period - Icing by Jordan Schmaltz.
19:47 of 1st period - Luke Adam wins face-off versus Shane Prince in Punishers zone.
Goals for this period are 2 for Senators vs 1 for Punishers.
Shots for this period are 10 for Senators vs 9 for Punishers.

2nd period


0:01 of 2nd period - Tanner Glass wins face-off versus Stephane Da Costa in neutral zone.
0:32 of 2nd period - Slapshot by Matt Frattin.
0:32 of 2nd period - Shot Blocked by Luke Adam.
0:34 of 2nd period - Wrist shot by Matt Frattin.
0:34 of 2nd period - Stopped by Niklas Svedberg without a rebound.
0:35 of 2nd period - Tommy Wingels wins face-off versus David Laliberté in Punishers zone.
0:39 of 2nd period - Minor Penalty to Damon Severson for Hooking.
0:40 of 2nd period - Luke Adam wins face-off versus Stephane Da Costa in Punishers zone.
0:40 of 2nd period - Luke Adam is hit by Ian Cole.
0:51 of 2nd period - Snap shot by Gabriel Landeskog.
0:51 of 2nd period - Goal by Gabriel Landeskog - Senators : 3 - Punishers : 1.
0:52 of 2nd period - Stephane Da Costa wins face-off versus Casey Cizikas in neutral zone.
1:03 of 2nd period - Wrist shot by Tanner Glass.
1:03 of 2nd period - Shot Misses the Net.
1:05 of 2nd period - Wrist shot by Tanner Glass.
1:05 of 2nd period - Stopped by Brad Thiessen with a rebound.
1:07 of 2nd period - Slapshot by Stefan Elliott.
1:07 of 2nd period - Shot Misses the Net.
1:24 of 2nd period - Slapshot by Stephane Da Costa.
1:24 of 2nd period - Stopped by Niklas Svedberg with a rebound.
1:26 of 2nd period - Minor Penalty to Erik Nystrom for Hooking.
1:27 of 2nd period - Tommy Wingels wins face-off versus Luke Adam in Punishers zone.
1:28 of 2nd period - Wrist shot by Gabriel Bourque.
1:28 of 2nd period - Shot Misses the Net.
1:30 of 2nd period - Slapshot by Matt Frattin.
1:30 of 2nd period - Shot Blocked by Stefan Elliott.
1:52 of 2nd period - Chris Thorburn is hit by Oscar Sundqvist and loses puck.
2:33 of 2nd period - Casey Cizikas is hit by Shane Sims and loses puck.
3:26 of 2nd period - Penalty to Erik Nystrom is over, Erik Nystrom is back on ice.
4:11 of 2nd period - Casey Cizikas is hit by Keegan Lowe and loses puck.
4:29 of 2nd period - Matt Frattin is hit by Garret Ross and loses puck.
5:27 of 2nd period - Oscar Sundqvist is hit by Matt Frattin and loses puck.
6:04 of 2nd period - Quinton Howden is hit by Jeff Petry and loses puck.
6:19 of 2nd period - Snap shot by Miikka Salomaki.
6:19 of 2nd period - Shot Misses the Net.
6:21 of 2nd period - Snap shot by Stefan Elliott.
6:21 of 2nd period - Stopped by Brad Thiessen without a rebound.
6:22 of 2nd period - Erik Nystrom wins face-off versus Tommy Wingels in Senators zone.
6:56 of 2nd period - Snap shot by Mattias Tedenby.
6:56 of 2nd period - Stopped by Brad Thiessen without a rebound.
6:57 of 2nd period - Luke Adam wins face-off versus Stephane Da Costa in Senators zone.
7:02 of 2nd period - Snap shot by Luke Adam.
7:02 of 2nd period - Shot Misses the Net.
7:04 of 2nd period - Snap shot by Garret Ross.
7:04 of 2nd period - Shot Misses the Net.
7:06 of 2nd period - Slapshot by Damon Severson.
7:06 of 2nd period - Shot Misses the Net.
7:27 of 2nd period - Snap shot by Mattias Tedenby.
7:27 of 2nd period - Shot Misses the Net.
7:29 of 2nd period - Slapshot by Jordan Schmaltz.
7:29 of 2nd period - Shot Blocked by Tommy Wingels.
7:31 of 2nd period - Snap shot by Tanner Glass.
7:31 of 2nd period - Stopped by Brad Thiessen without a rebound.
7:32 of 2nd period - Stephane Da Costa wins face-off versus Luke Adam in Senators zone.
7:41 of 2nd period - Chris Thorburn is hit by Nick Schultz and loses puck.
7:48 of 2nd period - Slapshot by Jeff Petry.
7:48 of 2nd period - Shot Blocked by David Laliberté.
8:09 of 2nd period - Backhand shot by Stefan Elliott.
8:09 of 2nd period - Stopped by Brad Thiessen with a rebound.
8:52 of 2nd period - Snap shot by Patrick Bordeleau.
8:52 of 2nd period - Shot Misses the Net.
8:54 of 2nd period - Snap shot by Marc-André Bernier.
8:54 of 2nd period - Stopped by Niklas Svedberg with a rebound.
8:56 of 2nd period - Slapshot by Jeff Petry.
8:56 of 2nd period - Stopped by Niklas Svedberg without a rebound.
8:57 of 2nd period - Luke Adam wins face-off versus Stephane Da Costa in Punishers zone.
10:28 of 2nd period - Logan Stephenson is hit by Tanner Glass and loses puck.
10:35 of 2nd period - Minor Penalty to Ian Cole for High sticking.
10:36 of 2nd period - Luke Adam wins face-off versus Gabriel Landeskog in Senators zone.
12:09 of 2nd period - Casey Cizikas is hit by Logan Stephenson and loses puck.
12:35 of 2nd period - Penalty to Ian Cole is over, Ian Cole is back on ice.
12:55 of 2nd period - Miikka Salomaki is hit by Shane Prince.
13:01 of 2nd period - Wrist shot by Patrick Bordeleau.
13:01 of 2nd period - Stopped by Niklas Svedberg with a rebound.
13:19 of 2nd period - Gabriel Landeskog is hit by Erik Nystrom and loses puck.
13:31 of 2nd period - Off-side.
13:32 of 2nd period - Tommy Wingels wins face-off versus Quinton Howden in neutral zone.
14:02 of 2nd period - Slapshot by Marc-André Bernier.
14:02 of 2nd period - Shot Blocked by Nick Schultz.
14:04 of 2nd period - Snap shot by Shane Prince.
14:04 of 2nd period - Shot Misses the Net.
14:06 of 2nd period - Slapshot by Shane Sims.
14:06 of 2nd period - Deflect By Marc-André Bernier.
14:06 of 2nd period - Shot Misses the Net.
14:06 of 2nd period - Puck is out of play.
14:07 of 2nd period - Stephane Da Costa wins face-off versus Casey Cizikas in Punishers zone.
14:26 of 2nd period - Minor Penalty to Logan Stephenson for High sticking.
14:27 of 2nd period - Luke Adam wins face-off versus Gabriel Landeskog in Senators zone.
14:30 of 2nd period - Snap shot by Tanner Glass.
14:30 of 2nd period - Goal by Tanner Glass - Senators : 3 - Punishers : 2.
14:31 of 2nd period - Casey Cizikas wins face-off versus Stephane Da Costa in neutral zone.
14:50 of 2nd period - Tanner Glass is hit by Gabriel Landeskog and loses puck.
15:07 of 2nd period - Wrist shot by Luke Adam.
15:07 of 2nd period - Stopped by Brad Thiessen with a rebound.
15:09 of 2nd period - Snap shot by Luke Adam.
15:09 of 2nd period - Shot Hit the Post.
15:11 of 2nd period - Wrist shot by Garret Ross.
15:11 of 2nd period - Goal by Garret Ross - Senators : 3 - Punishers : 3.
15:12 of 2nd period - Casey Cizikas wins face-off versus Chris Thorburn in neutral zone.
15:15 of 2nd period - Slapshot by Nick Schultz.
15:15 of 2nd period - Deflect By Ian Cole.
15:15 of 2nd period - Stopped by Brad Thiessen with a rebound.
15:39 of 2nd period - Matt Frattin is hit by Erik Nystrom and loses puck.
15:46 of 2nd period - Wrist shot by Oscar Sundqvist.
15:46 of 2nd period - Stopped by Brad Thiessen without a rebound.
15:47 of 2nd period - Tommy Wingels wins face-off versus Luke Adam in Senators zone.
16:00 of 2nd period - Wrist shot by Gabriel Bourque.
16:00 of 2nd period - Shot Misses the Net.
16:14 of 2nd period - Mattias Tedenby is hit by Chris Thorburn and loses puck.
16:27 of 2nd period - Dylan Blujus is hit by Jordan Schmaltz and loses puck.
16:36 of 2nd period - Slapshot by Chris Thorburn.
16:36 of 2nd period - Shot Blocked by Damon Severson.
16:38 of 2nd period - Snap shot by Gabriel Landeskog.
16:38 of 2nd period - Shot Misses the Net.
16:40 of 2nd period - Snap shot by Stephane Da Costa.
16:40 of 2nd period - Shot Blocked by Damon Severson.
16:42 of 2nd period - Slapshot by Ian Cole.
16:42 of 2nd period - Shot Blocked by Jordan Schmaltz.
17:01 of 2nd period - Snap shot by Chris Thorburn.
17:01 of 2nd period - Shot Misses the Net.
17:03 of 2nd period - Snap shot by Shane Sims.
17:03 of 2nd period - Shot Misses the Net.
17:05 of 2nd period - Slapshot by Chris Thorburn.
17:05 of 2nd period - Stopped by Niklas Svedberg without a rebound.
17:06 of 2nd period - Casey Cizikas wins face-off versus Tommy Wingels in Punishers zone.
17:08 of 2nd period - Minor Penalty to Stefan Elliott for Kneeing.
17:09 of 2nd period - Luke Adam wins face-off versus Tommy Wingels in Punishers zone.
17:13 of 2nd period - Minor Penalty to Tommy Wingels for Hooking.
17:14 of 2nd period - Casey Cizikas wins face-off versus Gabriel Landeskog in Senators zone.
17:15 of 2nd period - Snap shot by Mattias Tedenby.
17:15 of 2nd period - Shot Blocked by Logan Stephenson.
17:27 of 2nd period - Slapshot by Casey Cizikas.
17:27 of 2nd period - Goal by Casey Cizikas - Senators : 3 - Punishers : 4.
17:28 of 2nd period - Casey Cizikas wins face-off versus Gabriel Landeskog in neutral zone.
17:31 of 2nd period - Snap shot by Jordan Schmaltz.
17:31 of 2nd period - Shot Misses the Net.
19:08 of 2nd period - Penalty to Stefan Elliott is over, Stefan Elliott is back on ice.
19:13 of 2nd period - Penalty to Tommy Wingels is over, Tommy Wingels is back on ice.
19:53 of 2nd period - Snap shot by Gabriel Bourque.
19:53 of 2nd period - Shot Misses the Net.
Goals for this period are 1 for Senators vs 3 for Punishers.
Shots for this period are 7 for Senators vs 11 for Punishers.

3rd period


0:01 of 3rd period - Stephane Da Costa wins face-off versus Casey Cizikas in neutral zone.
0:08 of 3rd period - Slapshot by Stephane Da Costa.
0:08 of 3rd period - Shot Blocked by Nick Schultz.
0:12 of 3rd period - Snap shot by Chris Thorburn.
0:12 of 3rd period - Shot Blocked by Stefan Elliott.
0:14 of 3rd period - Slapshot by Ian Cole.
0:14 of 3rd period - Deflect By Stephane Da Costa.
0:14 of 3rd period - Shot Misses the Net.
0:14 of 3rd period - Puck is out of play.
0:15 of 3rd period - Stephane Da Costa wins face-off versus Luke Adam in Punishers zone.
0:22 of 3rd period - Wrist shot by Stephane Da Costa.
0:22 of 3rd period - Shot Misses the Net.
0:24 of 3rd period - Wrist shot by Stephane Da Costa.
0:24 of 3rd period - Stopped by Niklas Svedberg with a rebound.
0:26 of 3rd period - Slapshot by Logan Stephenson.
0:26 of 3rd period - Shot Blocked by David Laliberté.
0:28 of 3rd period - Slapshot by Ian Cole.
0:28 of 3rd period - Stopped by Niklas Svedberg without a rebound.
0:29 of 3rd period - Casey Cizikas wins face-off versus Stephane Da Costa in Punishers zone.
0:29 of 3rd period - Casey Cizikas is hit by Gabriel Landeskog.
0:54 of 3rd period - Stefan Elliott is hit by Matt Frattin and loses puck.
2:09 of 3rd period - Snap shot by David Laliberté.
2:09 of 3rd period - Deflect By Luke Adam.
2:09 of 3rd period - Stopped by Brad Thiessen without a rebound.
2:10 of 3rd period - Stephane Da Costa wins face-off versus Oscar Sundqvist in Senators zone.
2:22 of 3rd period - Nick Schultz is hit by Shane Sims and loses puck.
2:35 of 3rd period - Casey Cizikas is hit by Tommy Wingels and loses puck.
2:40 of 3rd period - Slapshot by Gabriel Bourque.
2:40 of 3rd period - Shot Misses the Net.
3:00 of 3rd period - David Laliberté is hit by Marc-André Bernier.
3:35 of 3rd period - Off-side.
3:36 of 3rd period - Luke Adam wins face-off versus Tommy Wingels in neutral zone.
3:45 of 3rd period - Wrist shot by Tommy Wingels.
3:45 of 3rd period - Shot Misses the Net.
3:47 of 3rd period - Snap shot by Gabriel Bourque.
3:47 of 3rd period - Shot Misses the Net.
4:24 of 3rd period - Logan Stephenson is hit by Erik Nystrom and loses puck.
4:45 of 3rd period - Wrist shot by Luke Adam.
4:45 of 3rd period - Deflect By David Laliberté.
4:45 of 3rd period - Stopped by Brad Thiessen with a rebound.
4:47 of 3rd period - Slapshot by Garret Ross.
4:47 of 3rd period - Stopped by Brad Thiessen with a rebound.
4:49 of 3rd period - Snap shot by Garret Ross.
4:49 of 3rd period - Stopped by Brad Thiessen with a rebound.
4:51 of 3rd period - Slapshot by David Laliberté.
4:51 of 3rd period - Stopped by Brad Thiessen with a rebound.
4:57 of 3rd period - Minor Penalty to Shane Sims for Hooking.
4:58 of 3rd period - Luke Adam wins face-off versus Gabriel Landeskog in Senators zone.
6:37 of 3rd period - Mattias Tedenby is hit by Chris Thorburn and loses puck.
6:57 of 3rd period - Penalty to Shane Sims is over, Shane Sims is back on ice.
7:10 of 3rd period - Damon Severson is hit by Dylan Blujus and loses puck.
7:26 of 3rd period - Off-side.
7:27 of 3rd period - Quinton Howden wins face-off versus Shane Prince in neutral zone.
7:48 of 3rd period - Off-side.
7:49 of 3rd period - Luke Adam wins face-off versus Tommy Wingels in neutral zone.
7:54 of 3rd period - Gabriel Bourque is hit by Trevor Van Riemsdyk and loses puck.
8:05 of 3rd period - Wrist shot by Gabriel Bourque.
8:05 of 3rd period - Shot Blocked by Trevor Van Riemsdyk.
8:07 of 3rd period - Wrist shot by Gabriel Bourque.
8:07 of 3rd period - Shot Misses the Net.
8:09 of 3rd period - Snap shot by Matt Frattin.
8:09 of 3rd period - Stopped by Niklas Svedberg with a rebound.
8:11 of 3rd period - Snap shot by Ian Cole.
8:11 of 3rd period - Shot Misses the Net.
8:13 of 3rd period - Backhand shot by Gabriel Bourque.
8:13 of 3rd period - Stopped by Niklas Svedberg with a rebound.
8:15 of 3rd period - Snap shot by Tommy Wingels.
8:15 of 3rd period - Goal by Tommy Wingels - Senators : 4 - Punishers : 4.
8:16 of 3rd period - Casey Cizikas wins face-off versus Stephane Da Costa in neutral zone.
8:29 of 3rd period - Wrist shot by Chris Thorburn.
8:29 of 3rd period - Shot Misses the Net.
8:31 of 3rd period - Slapshot by Ian Cole.
8:31 of 3rd period - Shot Misses the Net.
9:03 of 3rd period - Minor Penalty to Jordan Schmaltz for Interference.
9:04 of 3rd period - Luke Adam wins face-off versus Stephane Da Costa in Punishers zone.
9:08 of 3rd period - Wrist shot by Stephane Da Costa.
9:08 of 3rd period - Deflect By Stefan Elliott.
9:08 of 3rd period - Shot Blocked by Oscar Sundqvist.
9:08 of 3rd period - Puck is out of play.
9:09 of 3rd period - Stephane Da Costa wins face-off versus Luke Adam in Punishers zone.
11:03 of 3rd period - Penalty to Jordan Schmaltz is over, Jordan Schmaltz is back on ice.
11:17 of 3rd period - Ian Cole is hit by Mattias Tedenby and loses puck.
11:31 of 3rd period - Keegan Lowe is hit by Mattias Tedenby and loses puck.
11:44 of 3rd period - Slapshot by Stefan Elliott.
11:44 of 3rd period - Shot Misses the Net.
12:01 of 3rd period - Snap shot by Patrick Bordeleau.
12:01 of 3rd period - Goal by Patrick Bordeleau - Senators : 5 - Punishers : 4.
12:02 of 3rd period - Luke Adam wins face-off versus Stephane Da Costa in neutral zone.
12:07 of 3rd period - Slapshot by Damon Severson.
12:07 of 3rd period - Shot Misses the Net.
12:09 of 3rd period - Snap shot by Luke Adam.
12:09 of 3rd period - Shot Misses the Net.
12:38 of 3rd period - Wrist shot by Tommy Wingels.
12:38 of 3rd period - Stopped by Niklas Svedberg without a rebound.
12:39 of 3rd period - Stephane Da Costa wins face-off versus Casey Cizikas in Punishers zone.
13:08 of 3rd period - Snap shot by Nick Schultz.
13:08 of 3rd period - Deflect By David Laliberté.
13:08 of 3rd period - Stopped by Brad Thiessen with a rebound.
13:28 of 3rd period - Slapshot by Nick Schultz.
13:28 of 3rd period - Stopped by Brad Thiessen with a rebound.
13:30 of 3rd period - Wrist shot by Erik Nystrom.
13:30 of 3rd period - Stopped by Brad Thiessen with a rebound.
13:58 of 3rd period - Ryan Dzingel is hit by Garret Ross and loses puck.
14:10 of 3rd period - Off-side.
14:11 of 3rd period - Tommy Wingels wins face-off versus Casey Cizikas in neutral zone.
14:18 of 3rd period - Backhand shot by Tommy Wingels.
14:18 of 3rd period - Stopped by Niklas Svedberg with a rebound.
14:57 of 3rd period - Snap shot by Gabriel Landeskog.
14:57 of 3rd period - Stopped by Niklas Svedberg without a rebound.
14:58 of 3rd period - Oscar Sundqvist wins face-off versus Stephane Da Costa in Punishers zone.
15:03 of 3rd period - Snap shot by Oscar Sundqvist.
15:03 of 3rd period - Stopped by Brad Thiessen with a rebound.
15:05 of 3rd period - Wrist shot by Miikka Salomaki.
15:05 of 3rd period - Shot Blocked by Shane Sims.
15:07 of 3rd period - Wrist shot by Erik Nystrom.
15:07 of 3rd period - Shot Blocked by Jeff Petry.
15:19 of 3rd period - Slapshot by Oscar Sundqvist.
15:19 of 3rd period - Stopped by Brad Thiessen with a rebound.
15:21 of 3rd period - Slapshot by Stefan Elliott.
15:21 of 3rd period - Deflect By Miikka Salomaki.
15:21 of 3rd period - Stopped by Brad Thiessen without a rebound.
15:22 of 3rd period - Shane Prince wins face-off versus Casey Cizikas in Senators zone.
15:22 of 3rd period - Shane Prince is hit by Damon Severson.
15:54 of 3rd period - Snap shot by Gabriel Bourque.
15:54 of 3rd period - Deflect By Matt Frattin.
15:54 of 3rd period - Shot Misses the Net.
15:54 of 3rd period - Puck is out of play.
15:55 of 3rd period - Gabriel Bourque wins face-off versus Casey Cizikas in Punishers zone.
16:08 of 3rd period - Snap shot by Mattias Tedenby.
16:08 of 3rd period - Stopped by Brad Thiessen with a rebound.
16:59 of 3rd period - Tanner Glass is hit by Matt Frattin and loses puck.
17:10 of 3rd period - Luke Adam is hit by Tommy Wingels and loses puck.
17:24 of 3rd period - Off-side.
17:25 of 3rd period - Stephane Da Costa wins face-off versus Oscar Sundqvist in neutral zone.
17:52 of 3rd period - Snap shot by Oscar Sundqvist.
17:52 of 3rd period - Goal by Oscar Sundqvist - Senators : 5 - Punishers : 5.
17:53 of 3rd period - Casey Cizikas wins face-off versus Freddie Hamilton in neutral zone.
18:22 of 3rd period - Oscar Sundqvist is hit by Shane Prince and loses puck.
Goals for this period are 2 for Senators vs 1 for Punishers.
Shots for this period are 9 for Senators vs 13 for Punishers.

Overtime #1


0:01 of 1st overtime period - Casey Cizikas wins face-off versus Gabriel Landeskog in neutral zone.
1:10 of 1st overtime period - Jeff Petry is hit by Damon Severson.
1:46 of 1st overtime period - Wrist shot by Marc-André Bernier.
1:46 of 1st overtime period - Shot Misses the Net.
1:52 of 1st overtime period - Shane Sims is hit by David Laliberté and loses puck.
2:23 of 1st overtime period - Luke Adam is hit by Chris Thorburn and loses puck.
2:42 of 1st overtime period - Gabriel Landeskog is hit by David Laliberté and loses puck.
2:49 of 1st overtime period - Tanner Glass is hit by Keegan Lowe and loses puck.
3:01 of 1st overtime period - Off-side.
3:02 of 1st overtime period - Garret Ross wins face-off versus Phil Di Giuseppe in neutral zone.
3:07 of 1st overtime period - Snap shot by Garret Ross.
3:07 of 1st overtime period - Stopped by Brad Thiessen without a rebound.
3:08 of 1st overtime period - Casey Cizikas wins face-off versus Phil Di Giuseppe in Senators zone.
3:13 of 1st overtime period - Backhand shot by Casey Cizikas.
3:13 of 1st overtime period - Shot Misses the Net.
3:15 of 1st overtime period - Wrist shot by Mattias Tedenby.
3:15 of 1st overtime period - Stopped by Brad Thiessen with a rebound.
3:17 of 1st overtime period - Slapshot by Damon Severson.
3:17 of 1st overtime period - Shot Misses the Net.
3:19 of 1st overtime period - Snap shot by Mattias Tedenby.
3:19 of 1st overtime period - Deflect By Casey Cizikas.
3:19 of 1st overtime period - Shot Misses the Net.
3:19 of 1st overtime period - Puck is out of play.
3:20 of 1st overtime period - Casey Cizikas wins face-off versus Gabriel Landeskog in Senators zone.
3:27 of 1st overtime period - Snap shot by Mattias Tedenby.
3:27 of 1st overtime period - Stopped by Brad Thiessen with a rebound.
3:41 of 1st overtime period - Stephane Da Costa is hit by Casey Cizikas and loses puck.
4:00 of 1st overtime period - Wrist shot by Gabriel Landeskog.
4:00 of 1st overtime period - Goal by Gabriel Landeskog - Senators : 6 - Punishers : 5.
Goals for this period are 1 for Senators vs 0 for Punishers.
Shots for this period are 1 for Senators vs 3 for Punishers.